 Dungeon Crawl Stone Soup version 0.21.1-1-g345015fe64 (webtiles) character file.

23 TheNosferatu the Grave Robber (level 3, -2/27 HPs)
             Began as a Ghoul Necromancer on June 21, 2018.
             Slain by a gnoll
             ... wielding a +0 club
              (9 damage)
             ... on level 1 of the Dungeon.
             The game lasted 00:07:53 (1322 turns).

TheNosferatu the Grave Robber (Ghoul Necromancer)   Turns: 1322, Time: 00:07:53

Health: -2/27      AC:  2    Str: 12    XL:     3   Next: 0%
Magic:  4/5        EV: 12    Int: 10    God:
Gold:   12         SH:  0    Dex:  9    Spells: 4/6 levels left

rFire    . . .     SeeInvis .   (no weapon)
rCold    + . .     Gourm    .   (no shield)
rNeg     + + +     Faith    .   a - +0 robe
rPois    ∞         Spirit   .   (no helmet)
rElec    .         Reflect  .   (no cloak)
rCorr    .         Harm     .   (no gloves)
MR       .....                  (no boots)
Stlth    ++........             (no amulet)
HPRegen  0.00/turn              (no ring)
MPRegen  0.09/turn              (no ring)

@: rotting
A: rotting body, claws 1, carnivore, cold resistance 1, negative energy
resistance 3, inhibited regeneration, torment resistance, unbreathing
a: no special abilities


You were on level 1 of the Dungeon.
You were not hungry.

You visited 1 branch of the dungeon, and saw 1 of its levels.

You collected 12 gold pieces.

Inventory:

Armour
 a - a +0 robe (worn)
 e - a +0 ring mail
Scrolls
 d - a scroll of amnesia {unknown}
Potions
 f - a potion of invisibility {unknown}
Books
 b - a book of Necromancy

   Spells                             Type                      Level
   a - Pain                           Necromancy                   1
   b - Animate Skeleton               Necromancy                   1
   c - Vampiric Draining              Necromancy                   3
   d - Regeneration                   Charms/Necromancy            3
   e - Animate Dead                   Necromancy                   4
   f - Borgnjor's Vile Clutch         Necromancy/Earth             5
Comestibles
 c - 3 rations


   Skills:
 + Level 0.5 Fighting
 + Level 1.9 Dodging
 - Level 2.3 Stealth
 + Level 0.7 Unarmed Combat
 - Level 2.1 Spellcasting
 + Level 4.2 Necromancy


You had 4 spell levels left.
You knew the following spells:

 Your Spells              Type           Power        Failure   Level  Hunger
a - Pain                  Necr           #...         5%          1    ##.....
b - Animate Skeleton      Necr           N/A          5%          1    ##.....


Dungeon Overview and Level Annotations

Branches:
Dungeon (1/15)

Altars:


Innate Abilities, Weirdness & Mutations

Your body is rotting away.
You thrive on raw meat.
You are immune to poison.
You have sharp fingernails.
You are carnivorous and can eat meat at any time.
Your flesh is cold resistant. (rC+)
You are immune to negative energy. (rN+++)
You do not regenerate when monsters are visible.
You are immune to unholy pain and torment.
You can survive without breathing.


Message History

You closely miss the gnoll.
The gnoll is lightly wounded.
The gnoll completely misses you. The gnoll hits you with a club!
You scratch the gnoll but do no damage.
The gnoll is lightly wounded.
Your frilled lizard skeleton barely misses the gnoll.
The gnoll misses you.
You swap places.
The gnoll hits you with a club.
Your frilled lizard skeleton barely misses the gnoll.
Your frilled lizard skeleton bites the gnoll.
You barely miss the gnoll.
The gnoll is moderately wounded.
The gnoll hits you with a club.
* * * LOW HITPOINT WARNING * * *
You scratch the gnoll.
The gnoll is moderately wounded.
Your frilled lizard skeleton bites the gnoll but does no damage.
The gnoll hits you with a club!
You die...

#)#.####.#........#.###.
#.#....#.#.####.......#
#.#.##.#.#.#..#.#.#.#.#
#.#....#.#.#..#.#.#...#
#)######.#.#..#.#.#####
##.#...........#.#..
##.#.####.#.#.##.####
##.#......#.#.......+
##.########.####@####
##........#.####g#
#########.#.....Z# #
#.######## # #.#..Z..# #
#.#.###)### #.#Z##....#
#########.#.##....#
...Z........##....#


You could see a gnoll and a friendly frilled lizard skeleton.

Vanquished Creatures
  A giant cockroach (D:1)
  A goblin (D:1)
  3 hobgoblins (D:1)
  7 kobolds (D:1)
  2 bats (D:1)
  2 frilled lizards (D:1)
  A rat (D:1)
17 creatures vanquished.

Vanquished Creatures (collateral kills)
  A dart slug (D:1)
  2 kobolds (D:1)
3 creatures vanquished.

Grand Total: 20 creatures vanquished

Notes
Turn   | Place    | Note
-------+----------+-------------------------------------------
     0 | D:1      | TheNosferatu the Ghoul Necromancer began the quest for the Orb.
     0 | D:1      | Reached XP level 1. HP: 14/14 MP: 2/2
     2 | D:1      | Learned a level 1 spell: Animate Skeleton
   290 | D:1      | Reached XP level 2. HP: 13/20 MP: 2/4
  1075 | D:1      | Reached XP level 3. HP: 16/27 MP: 3/5
  1322 | D:1      | Slain by a gnoll

Skill      XL: |  1 |
---------------+----+-----
Spellcasting   | 2 |  2.1
Fighting       | |  0.5
Dodging        | |  1.9
Stealth        | |  2.3
Unarmed Combat | |  0.7
Necromancy     | |  4.2

Action                   || total
-------------------------++-------
Melee: Unarmed           ||    87
 Cast: Pain              ||    19
       Animate Skeleton  ||    10
  Eat: Chunk             ||     2
Armor: Robe              ||    18
Dodge: Dodged            ||    56
